Workbook

Sheet Sheet1
A3: Mortgage calculator
A5: Summary information
A6: Loan amount (bt) | B6: 10000000
A7: APR | B7: 0.07
A8: Life of loan (in years) | B8: 10
A9: Number of payments per year | B9: 12
A10: total number of payments | B10: =B9*B8 -> 120
A11: Payment per period | B11: =-PMT(B7/12,B10,B6,0) -> 116108.48 | C11: Calculate for each monthly payment
A12: Sum of payments (total cost of loan) | B12: =B11*B10 -> 13933018
A13: Interest Cost | B13: =B12-B6 -> 3933017.5

Sheet Sheet2
A3: Number of periods | B3: Beginning balance | C3: PMT | D3: Interest | E3: Principal | F3: Ending balance
A4: 1 | B4: =Sheet1!B6 -> 10000000 | C4: =Sheet1!B11 -> 116108.48 | D4: =(Sheet1!$B$7/12)*B4 -> 58333.333 | E4: =C4-D4 -> 57775.146 | F4: =B4-E4 -> 9942224.9
A5: 2 | B5: =F4 -> 9942224.9 | C5: =C4 -> 116108.48 | D5: =(Sheet1!$B$7/12)*B5 -> 57996.312 | E5: =C5-D5 -> 58112.168 | F5: =B5-E5 -> 9884112.7
A6: 3 | B6: =F5 -> 9884112.7 | C6: =C5 -> 116108.48 | D6: =(Sheet1!$B$7/12)*B6 -> 57657.324 | E6: =C6-D6 -> 58451.155 | F6: =B6-E6 -> 9825661.5
A7: 4 | B7: =F6 -> 9825661.5 | C7: =C6 -> 116108.48 | D7: =(Sheet1!$B$7/12)*B7 -> 57316.359 | E7: =C7-D7 -> 58792.12 | F7: =B7-E7 -> 9766869.4
A8: 5 | B8: =F7 -> 9766869.4 | C8: =C7 -> 116108.48 | D8: =(Sheet1!$B$7/12)*B8 -> 56973.405 | E8: =C8-D8 -> 59135.074 | F8: =B8-E8 -> 9707734.3
A9: 6 | B9: =F8 -> 9707734.3 | C9: =C8 -> 116108.48 | D9: =(Sheet1!$B$7/12)*B9 -> 56628.45 | E9: =C9-D9 -> 59480.029 | F9: =B9-E9 -> 9648254.3
A10: 7 | B10: =F9 -> 9648254.3 | C10: =C9 -> 116108.48 | D10: =(Sheet1!$B$7/12)*B10 -> 56281.483 | E10: =C10-D10 -> 59826.996 | F10: =B10-E10 -> 9588427.3
A11: 8 | B11: =F10 -> 9588427.3 | C11: =C10 -> 116108.48 | D11: =(Sheet1!$B$7/12)*B11 -> 55932.493 | E11: =C11-D11 -> 60175.987 | F11: =B11-E11 -> 9528251.3
A12: 9 | B12: =F11 -> 9528251.3 | C12: =C11 -> 116108.48 | D12: =(Sheet1!$B$7/12)*B12 -> 55581.466 | E12: =C12-D12 -> 60527.013 | F12: =B12-E12 -> 9467724.3
A13: 10 | B13: =F12 -> 9467724.3 | C13: =C12 -> 116108.48 | D13: =(Sheet1!$B$7/12)*B13 -> 55228.392 | E13: =C13-D13 -> 60880.087 | F13: =B13-E13 -> 9406844.2
A14: 11 | B14: =F13 -> 9406844.2 | C14: =C13 -> 116108.48 | D14: =(Sheet1!$B$7/12)*B14 -> 54873.258 | E14: =C14-D14 -> 61235.221 | F14: =B14-E14 -> 9345609
A15: 12 | B15: =F14 -> 9345609 | C15: =C14 -> 116108.48 | D15: =(Sheet1!$B$7/12)*B15 -> 54516.053 | E15: =C15-D15 -> 61592.427 | F15: =B15-E15 -> 9284016.6
A16: 13 | B16: =F15 -> 9284016.6 | C16: =C15 -> 116108.48 | D16: =(Sheet1!$B$7/12)*B16 -> 54156.763 | E16: =C16-D16 -> 61951.716 | F16: =B16-E16 -> 9222064.9
... A123: 120 | B123: =F122 -> 115435.11 | C123: =C122 -> 116108.48 | D123: =(Sheet1!$B$7/12)*B123 -> 673.37146 | E123: =C123-D123 -> 115435.11 | F123: =B123-E123 -> 3.8184226e-08

Sheet Sheet3
